 Dungeon Sprint DCSS version 0.30.1-9-gdf580d7c3d (webtiles) character file.

Game seed: 14387208328242150427

154 Heoruswealwe the Spear-Bearer (level 5, 0/52 HPs)
             Began as a Minotaur Fighter on Oct 11, 2023.
             Slain by a troll (12 damage)
             ... in the Dungeon (Sprint IX: "|||||||||||||||||||||||||||||").
             The game lasted 00:00:45 (90 turns).

Heoruswealwe the Spear-Bearer (Minotaur Fighter)      Turns: 90, Time: 00:00:46

Health: 0/52       AC:  7    Str: 22    XL:     5   Next: 13%
Magic:  4/4        EV:  9    Int:  5    God:
Gold:   0          SH:  4    Dex: 10    Spells: 4/4 levels left

rFire   . . .        a - +0 trident
rCold   . . .        d - +0 buckler
rNeg    . . .        c - +0 scale mail
rPois   .            (helmet restricted)
rElec   .            (no cloak)
rCorr   .            (no gloves)
SInv    .            (no boots)
Will    .....        (no amulet) Stlth
                     (no ring)
HPRegen 0.28/turn    (no ring)
MPRegen 0.09/turn

%: no teleportation
@: no status effects
A: horns 2, retaliatory headbutt
a: no special abilities


You were in the Dungeon.
You visited 1 branch

Inventory:

Hand Weapons
 a - a +0 trident (weapon)
Armour
 c - a +0 scale mail (worn)
 d - a +0 buckler (worn)
Jewellery
 m - a +3 ring of intelligence
 n - a +3 ring of dexterity
Wands
 l - a wand of iceblast (10)
Scrolls
 j - 2 scrolls of blinking
 k - 2 scrolls of amnesia
Potions
 b - a potion of might
 e - 5 potions of curing
 f - a potion of invisibility
 g - a potion of haste
 h - 2 potions of heal wounds
 i - a potion of berserk rage


   Skills:
 + Level 7.2 Fighting
 * Level 9.1 Polearms
 + Level 7.2 Armour
 - Level 3.6 Shields


You had 4 spell levels left.
You didn't know any spells.
Your spell library was empty.

Dungeon Overview and Level Annotations

Branches:
Dungeon (1/1)

Altars:
Cheibriados
Dithmenos
Elyvilon
Fedhas
Gozag
Hepliaklqana
Kikubaaqudgha
Makhleb
Nemelex Xobeh
Okawaru
Qazlal
Ru
Sif Muna
Trog
Uskayaw
Vehumet
Wu Jian
Xom
Yredelemnul
Zin
The Shining One
Jiyva
Lugonu


Innate Abilities, Weirdness & Mutations

You have a pair of horns on your head.
You reflexively headbutt those who attack you in melee.


Message History

f - a potion of invisibility;
h - 2 potions of heal wounds
e - 5 potions of curing (gained 4)
You see here 2 potions of magic.
Found a +3 ring of dexterity.
k - 2 scrolls of amnesia;
j - 2 scrolls of blinking (gained 1)
l - a wand of iceblast (10)
Items here: )))))).
Okay, then.
You see here a +0 pair of gloves.
You see here a +0 helmet.
You see here a +1 chain mail.
m - a +3 ring of intelligence
n - a +3 ring of dexterity As you open the door, it creaks loudly!
A wyvern, 2 yaks, a kobold brigand, a shadow and a troll come into view.
The kobold brigand is wielding a +0 short sword and quivering curare-tipped darts.
The wyvern hisses angrily.
The yak bellows! x2; The kobold brigand shouts!
The troll shouts!
You barely miss the troll. You completely miss the troll.
You block the troll's attack. The troll claws you. The troll barely misses you.
You puncture the troll! Your headbutt misses the troll.
The troll is lightly wounded.
The troll bites you but does no damage. The troll claws you.
The troll claws you!
You barely miss the troll. Your headbutt misses the troll.
The troll is lightly wounded.
The troll bites you. You block the troll's attack. The troll claws you.
The shadow slips into darkness.
The shadow flickers and vanishes!
Deactivating autopickup; reactivate with Ctrl-A.
You barely miss the troll. Your headbutt misses the troll.
The troll is lightly wounded.
The troll bites you.
* * * LOW HITPOINT WARNING * * *
The troll closely misses you. The troll completely misses you.
You hit the troll.
The troll is moderately wounded.
The troll bites you!
You die... ▓▓▓▓▓▓▓▓▓▓▓▓▓▓▓▓▓▓▓▓▓▓▓▓ .lYYK{T@.[[[.).!'_______ ▓▓▓▓▓▓▓▓▓▓▓▓▓▓▓▓▓▓▓▓▓▓▓▓

You could see 2 yaks, a troll, a wyvern and a kobold brigand.

Vanquished Creatures
  An ogre (D)
  A hound (D)
  An iguana (D)
  An adder (D)
  An ufetubus (D)
  A ball python (D)
  A giant cockroach (D)
  A kobold (D)
  2 quokkas (D)
10 creatures vanquished.

Notes
Turn   | Place    | Note
-------+----------+-------------------------------------------
     0 | D        | Heoruswealwe the Minotaur Fighter began the quest for the
                  | Orb.
     0 | D        | Reached XP level 1. HP: 19/19 MP: 0/0
     6 | D        | Reached skill level 3 in Polearms
    14 | D        | Reached skill level 4 in Polearms
    20 | D        | Noticed a hound
    20 | D        | Noticed an iguana
    20 | D        | Noticed an ogre
    22 | D        | Reached XP level 2. HP: 22/28 MP: 1/1
    26 | D        | Killed an ogre
    27 | D        | Reached skill level 7 in Polearms
    27 | D        | Reached XP level 3. HP: 18/37 MP: 2/2
    27 | D        | Reached XP level 4. HP: 22/44 MP: 3/3
    33 | D        | Reached skill level 8 in Polearms
    36 | D        | Reached skill level 9 in Polearms
    36 | D        | Reached XP level 5. HP: 26/52 MP: 4/4
    42 | D        | Found a snail-covered altar of Cheibriados.
    42 | D        | Found a shadowy altar of Dithmenos.
    42 | D        | Found a white marble altar of Elyvilon.
    42 | D        | Found a blossoming altar of Fedhas.
    42 | D        | Found an opulent altar of Gozag.
    43 | D        | Found a hazy altar of Hepliaklqana.
    44 | D        | Found a viscous altar of Jiyva.
    45 | D        | Found an ancient bone altar of Kikubaaqudgha.
    46 | D        | Found a corrupted altar of Lugonu.
    47 | D        | Found a burning altar of Makhleb.
    48 | D        | Found a sparkling altar of Nemelex Xobeh.
    49 | D        | Found an iron altar of Okawaru.
    50 | D        | Found a stormy altar of Qazlal.
    51 | D        | Found a sacrificial altar of Ru.
    52 | D        | Found a shimmering blue altar of Sif Muna.
    53 | D        | Found a bloodstained altar of Trog.
    54 | D        | Found a hide-covered altar of Uskayaw.
    55 | D        | Found a radiant altar of Vehumet.
    56 | D        | Found an ornate altar of the Wu Jian Council.
    57 | D        | Found a shimmering altar of Xom.
    58 | D        | Found a basalt altar of Yredelemnul.
    59 | D        | Found a glowing silver altar of Zin.
    60 | D        | Found a glowing golden altar of the Shining One.
    84 | D        | Noticed a wyvern
    84 | D        | Noticed a yak
    84 | D        | Noticed a yak
    84 | D        | Noticed a shadow
    84 | D        | Noticed a troll
    90 | D        | Slain by a troll

Illustrated notes

Levels and vault maps discovered:
D:        linesprint [early_d, line_temple, items_1, d_10, items_2, lair_1,
          lair_end, items_3, orc_1, orc_end, items_4, d_15, swamp_1, shoals_1,
          snake_1, spider_1, d_20, vaults_1, items_5, swamp_end, shoals_end,
          snake_end, spider_end, vaults_end, d_27, items_6, zot_1, zot_end,
          crypt_end, forest_end, elf_end, slime_end, tomb_end, abyss_end,
          pan_hell_end]

Skill      XL: |  1  2  3  4 |
---------------+-------------+-----
Polearms       | 4 7 9 |  9.1
Fighting       | 4 6 7 |  7.2
Armour         | 4 6 7 |  7.2
Shields        | |  3.6

Action                     |  1- 3 |  4- 6 || total
---------------------------+-------+-------++-------
  Melee: Trident           |    14 |    15 ||    29
         Headbutt          |     1 |     1 ||     2
    Use: Potion            |     1 |       ||     1
 Armour: Scale mail        |     4 |     2 ||     6
  Dodge: Dodged            |     4 |     8 ||    12
  Block: Buckler           |     1 |     3 ||     4
